 Dungeon Crawl Stone Soup version 0.28-a0-622-gbaef9634d7 (webtiles) character file.

Game seed: 6667585843601993321

1525 mordus the Cleaver (level 8, -5/96 HPs)
             Began as a Hill Orc Fighter on Oct 7, 2021.
             Was an Initiate of Beogh.
             Killed by divine providence
             ... invoked by an orc priest
              (13 damage)
             ... on level 6 of the Dungeon.
             The game lasted 00:09:36 (5709 turns).

mordus the Cleaver (Hill Orc Fighter)               Turns: 5709, Time: 00:09:37

Health: -5/96      AC: 24    Str: 20 (21) XL:     8   Next: 84%
Magic:  8/8        EV:  2    Int:  8      God:    Beogh [......]
Gold:   291        SH: 10    Dex:  7 (10) Spells: 7/7 levels left

rFire   . . .      SeeInvis .   a - +0 war axe
rCold   + . .      Faith    .   v - +2 kite shield {rC+}
rNeg    . . .      Spirit   .   (armour currently unavailable)
rPois   +          Reflect  .   (helmet currently unavailable)
rElec   .          Harm     .   (cloak currently unavailable)
rCorr   .          Rampage  .   (gloves currently unavailable)
Will    .....      NoTele   +   (boots currently unavailable)
Stlth   +.........              (no amulet)
HPRegen 0.26/turn               (no ring)
MPRegen 0.11/turn               (no ring)

@: mighty, tree-form
A: stationary, stasis, torment immunity, boosted hp
a: Renounce Religion


You were on level 6 of the Dungeon.
You worshipped Beogh.
Beogh was noncommittal.
You were a tree.
You visited 1 branch of the dungeon, and saw 6 of its levels.

You collected 291 gold pieces.

Inventory:

Hand Weapons
 a - a +0 war axe (weapon)
Missiles
 r - 3 throwing nets (quivered)
Armour
 b - a +0 scale mail (melded)
 c - a +0 buckler
 v - a +2 kite shield of cold resistance (worn)
Jewellery
 j - a ring of resist corrosion
 u - a +4 ring of protection
Wands
 k - a wand of mindburst (15)
Scrolls
 e - 2 scrolls of enchant armour {unknown}
 f - 3 scrolls of magic mapping {unknown}
 g - a scroll of blinking {unknown}
 i - 2 scrolls of immolation {unknown}
 l - a scroll of amnesia {unknown}
 m - 2 scrolls of teleportation {unknown}
 n - a scroll of fear {unknown}
 p - a scroll of silence {unknown}
 s - a scroll of fog {unknown}
 t - a scroll of noise {unknown}
Potions
 d - a potion of might
 h - 2 potions of degeneration
 o - 2 potions of heal wounds


   Skills:
 - Level 3.6 Fighting
 * Level 10.3 Axes
 + Level 6.7 Armour
 + Level 6.7 Shields


You had 7 spell levels left.
You didn't know any spells.
Your spell library contained the following spells:

 Spells                   Type           Power      Damage    Failure   Level
 Summon Ice Beast         Ice/Summ       0%         N/A       100%        4
 Summon Mana Viper        Hex/Summ       0%         N/A       100%        5
 Monstrous Menagerie      Summ           0%         N/A       100%        7


Dungeon Overview and Level Annotations

Branches:
Dungeon (6/15)             Temple (0/1) D:5

Altars:

Annotations:
D:4 2 transporters, CryptKilla's ghost, weakling DrDe


Message History

The orc wizard gestures at you while chanting.
You block the puff of flame.
The ice beast hits you but does no damage.
You block Maggie's attack.
The orc wizard gestures at you while chanting.
The magic dart hits you but does no damage.
You completely miss the orc priest. You barely miss the ice beast.
You closely miss the orc wizard. You slash Maggie!
The ice beast hits you but does no damage.
The orc priest barely misses you.
Maggie says, "Have you seen any dragons?"
Maggie gestures at you while chanting. The bolt of fire hits you!
* * * LOW HITPOINT WARNING * * *
The orc wizard gestures at you while chanting.
The magic dart hits you.
* * * LOW HITPOINT WARNING * * *
The ice beast hits you but does no damage.
You block the orc priest's attack.
You slash Maggie!
You are no longer entranced.
You kill Maggie!
Beogh accepts your kill.
You slash the orc priest! You hit the ice beast.
You kill the ice beast!
Beogh accepts your kill.
You slash the orc wizard!
The orc wizard hits you but does no damage.
You block the orc priest's attack.
You feel your strength returning.
You feel your intelligence returning.
Your Axes skill increases to level 10!
You completely miss the orc priest.
The orc priest is severely wounded.
You hit the orc wizard.
You kill the orc wizard!
Beogh accepts your kill.
The orc priest mumbles some strange prayers to Beogh against you.
Beogh smites you!
You die...
Beogh appreciates the orc priest's killing of a heretic priest.

###...#.[)...###.....#
#.....#...)..........###
#........#...........#.#
##......###.............
#.#.....#..............
#. #....................
#.##..##...........##
##.^##).............#.
#....♣o....#...###....
.....##).....##....##...
.#. ##............#...
#......#....Y....
>#......#.....#...
#...........o..#...
#..................
....................
#..####....####..#...


You could see an orc priest.

Vanquished Creatures
  A centaur zombie (D:6)
  Maggie (D:6)
  A water moccasin (D:4)
  An ice beast (D:6)
  A phantom (D:4)
  A scorpion (D:5)
  A water moccasin zombie (D:5)
  A howler monkey (D:6)
  A centaur skeleton (D:6)
  A gnoll shaman (D:4)
  3 hounds
  A bullfrog skeleton (D:6)
  2 iguanas
  Terence (D:2)
  5 orc wizards
  A hound skeleton (D:4)
  3 gnolls
  4 adders
  A shadow imp (D:5)
  An ufetubus (D:6)
  An adder skeleton (D:4)
  3 dart slugs (D:4)
  9 orcs
  5 bats
  2 endoplasms (D:1)
  2 giant cockroaches
  8 goblins
  7 hobgoblins
  2 jackals (D:1)
  6 quokkas
  8 ball pythons
  A frilled lizard (D:1)
  9 kobolds
  6 rats
101 creatures vanquished.

Vanquished Creatures (others)
  An adder skeleton (D:4)
  A plant (D:1)
2 creatures vanquished.

Grand Total: 103 creatures vanquished

Notes
Turn   | Place    | Note
-------+----------+-------------------------------------------
     0 | D:1      | mordus the Hill Orc Fighter began the quest for the Orb.
     0 | D:1      | Reached XP level 1. HP: 19/19 MP: 1/1
    80 | D:1      | Reached skill level 3 in Axes
   377 | D:1      | Reached XP level 2. HP: 26/26 MP: 2/2
   847 | D:1      | Reached XP level 3. HP: 26/31 MP: 3/3
   951 | D:1      | Found a faded altar of an unknown god.
  1136 | D:2      | You fall into a shaft and drop 1 floor!
  1178 | D:3      | Reached skill level 4 in Axes
  1256 | D:3      | Reached XP level 4. HP: 13/39 MP: 4/4
  2017 | D:2      | Noticed Terence
  2045 | D:2      | Killed Terence
  2046 | D:2      | Reached skill level 5 in Axes
  2046 | D:2      | Reached XP level 5. HP: 21/45 MP: 5/5
  2445 | D:4      | Became a worshipper of Beogh the Brigand
  2518 | D:4      | Found a transporter.
  2522 | D:4      | Noticed CryptKilla's ghost (weakling DrDe)
  2522 | D:4      | Found the +4 skin of Zhor {*Englaciate rC+++ SInv}
  2527 | D:4      | Found a transporter.
  2839 | D:4      | Noticed a water moccasin
  2853 | D:4      | Killed a water moccasin
  2854 | D:4      | Reached skill level 6 in Axes
  2854 | D:4      | Reached XP level 6. HP: 24/51 MP: 6/6
  3317 | D:4      | Reached skill level 5 in Armour
  3317 | D:4      | Reached skill level 5 in Shields
  3478 | D:4      | Reached skill level 7 in Axes
  3478 | D:4      | Reached XP level 7. HP: 38/57 MP: 7/7
  3978 | D:5      | Entered Level 5 of the Dungeon
  4666 | D:5      | Found a staircase to the Ecumenical Temple.
  5238 | D:5      | Reached skill level 8 in Axes
  5458 | D:6      | Reached skill level 9 in Axes
  5458 | D:6      | Reached XP level 8. HP: 41/64 MP: 8/8
  5676 | D:6      | Noticed Maggie
  5708 | D:6      | Killed Maggie
  5709 | D:6      | Reached skill level 10 in Axes
  5709 | D:6      | Killed from afar by an orc priest

Illustrated notes

Levels and vault maps discovered:
D:1:      lightli_arrival_lavapool, layout_rooms,
          dreamdust_ecumenical_altar_grove, serial_bayou_pond_a,
          minmay_pentomino_u2
D:2:      layout_rooms, uniq_terence
D:3:      layout_loops_cross, grunt_ministairs_15
D:4:      layout_loops_corners, gammafunk_ghost_mausoleum
D:5:      layout_rooms, temple_green
D:6:      layout_cave_pools, uniq_maggie

Skill      XL: |  1  2  3  4  5  6  7  8 |
---------------+-------------------------+-----
Axes           | 3 4 5 6 7 9 10 | 10.3
Armour         | 4 5 6 |  6.7
Shields        | 4 5 6 |  6.7
Fighting       | |  3.6

Action                   |  1- 3 |  4- 6 |  7- 9 || total
-------------------------+-------+-------+-------++-------
Melee: War axe           |   115 |   176 |   138 ||   429
Invok: Convert to Beogh  |       |     1 |       ||     1
  Use: Potion            |       |       |     5 ||     5
Armor: Scale mail        |    69 |    98 |    83 ||   250
       Skin              |       |       |    14 ||    14
Dodge: Dodged            |    59 |    74 |    45 ||   178
Block: Buckler           |    21 |    12 |       ||    33
       Kite shield       |       |    58 |    74 ||   132

Table legend: (Time is in decaauts)
 A = Elapsed time spent in this place.
 B = Non-inter-level travel time spent in this place.
 C = Inter-level travel time spent in this place.
 D = Time resting spent in this place.
 E = Time spent auto-exploring this place.
 F = Levels seen in this place.
 G = Mean time per level.
                   A        B        C        D        E       F      G
               +--------+--------+--------+--------+--------+-----+--------+
         Total |   5865 |   5776 |     89 |   2502 |   2120 |   6 |  977.5 |
       Dungeon |   5865 |   5776 |     89 |   2502 |   2120 |   6 |  977.5 |
               +--------+--------+--------+--------+--------+-----+--------+

Top non-repeatable levels by time:
     D:4: 1849 daAuts
     D:5: 1342 daAuts
     D:1: 1149 daAuts
     D:2: 742 daAuts
     D:3: 627 daAuts
     D:6: 154 daAuts
